 Dungeon Sprint DCSS version 0.17-a0-1184-gb75be8f (webtiles) character file.

72 Kidiri the Grave Robber (level 4, -7/36 HPs)
             Began as a Deep Elf Necromancer on June 1, 2015.
             Mangled by a water elemental (8 damage)
             ... in the Dungeon (Sprint III: "The Ten Rune Challenge").
             The game lasted 00:03:58 (670 turns).

Kidiri the Grave Robber (Deep Elf Necromancer)       Turns: 670, Time: 00:03:58

Health: -7/36      AC:  4    Str: 10    XL:     4   Next: 7%
Magic:  12/14      EV: 15    Int: 21    God:
Gold:   17         SH:  0    Dex: 17    Spells: 4 memorised, 8 levels left

rFire  . . .     SeeInvis .     k - -1 club (curse)
rCold  . . .     Clarity  +     l - +0 robe
rNeg   . . .     SustAt   .     (no shield)
rPois  .         Gourm    .     (helmet restricted)
rElec  .         Spirit   .     (no cloak)
rCorr  .         Warding  .     (no gloves)
rMut   .         NoTele   +     (no boots)
MR     .....                    (no amulet)
Stlth  ..........               (no ring)
                                (no ring)

@: berserking (expiring), very slightly contaminated, very quick, not resistant
to hostile enchantments, extremely unstealthy
A: beak, talons 1, slimy green scales 1, agile 1, berserk 1, clarity
a: no special abilities


You were in the Dungeon.
You were not hungry.

You visited 1 branch You collected 17 gold pieces.

Inventory:

Hand weapons
 k - a cursed -1 club (weapon)
Armour
 a - a +0 robe
 l - a +0 robe (worn)
Scrolls
 i - a scroll of blinking
 j - a scroll of holy word
 m - 2 scrolls of identify
 n - a scroll of recharging
Potions
 d - a potion of curing
 f - a potion of haste
 g - 2 potions of magic
 p - 3 potions of cure mutation
 q - 3 potions of flight
Books
 b - a book of Necromancy

   Spells                             Type                      Level
   a - Pain                           Necromancy                   1
   b - Animate Skeleton               Necromancy                   1
   c - Vampiric Draining              Necromancy                   3
   d - Regeneration                   Charms/Necromancy            3
   e - Animate Dead                   Necromancy                   4
   f - Control Undead                 Necromancy                   4
Comestibles
 c - 2 bread rations
 o - a royal jelly


   Skills:
 + Level 4.4 Dodging
 + Level 4.8 Stealth
 * Level 6.6 Spellcasting
 * Level 7.4 Necromancy


You had 8 spell levels left.
You knew the following spells:

 Your Spells              Type           Power        Failure   Level  Hunger
a - Pain                  Necr           ####         1%          1    None
b - Animate Skeleton      Necr           N/A          1%          1    None
c - Vampiric Draining     Necr           #####.....   1%          3    #......
d - Regeneration          Chrm/Necr      ###.......   10%         3    #......


Dungeon Overview and Level Annotations

Branches:
Dungeon (1/1)

Altars:


Innate Abilities, Weirdness & Mutations

You have a beak for a mouth.
You have sharp toenails.
You are partially covered in slimy green scales (AC +2).
You are agile. (Dex +2)
You tend to lose your temper in combat.
You possess an exceptional clarity of mind.


Message History

The water elemental engulfs you in water!
With effort, you pull free of the water engulfing you.
You gasp with relief as air once again reaches your lungs.
You sock the water elemental!
The water elemental is heavily damaged.
You closely miss the water elemental.
You claw the water elemental, but do no damage.
The water elemental is heavily damaged.
The water elemental hits you!!
Ouch! That really hurt!
* * * LOW HITPOINT WARNING * * *
You barely miss the water elemental.
You claw the water elemental, but do no damage.
Your peck misses the water elemental.
The water elemental is heavily damaged.
The water elemental misses you.
You hit the water elemental. Your kick misses the water elemental.
The water elemental is severely damaged.
The water elemental hits you!
You die...

▓▓▓▓▓▓▓▓ ▓▓▓ *** <..#...####
##.#***********,* *
...#......#####..#___*__,*__*****
..##.......#..#..#,,,*,,,*,_*,,,,
##.##.##...#..#..###+#+##*+**,,,,
##.##.###..##'#..#.......,,,*,,,,
#.####.##..###..@E.⌠.....,,,*,,,*
.###..##..####...#...####**+*,**,
#.....##..###....#.⌠.#__*,,,*+***
###..##...##.....#...#__*,,,*,,≈≈
##..##....#......#+###__*,,,*,*≈≈
#..###..##.#.....#,,,*__*,,,+,*,,
#(.# #..#####....#___*_,+,,,*,*,,
▓▓▓▓*▓▓▓▓***▓▓▓▓▓▓***************
*,,,+≈≈≈≈≈≈≈≈≈**,,,,,****≈≈≈,,,,,


You could see a water elemental.

Vanquished Creatures
  Jessica (D)
  A wolf (D)
  A human (D)
  An ooze (D)
  2 rats (D)
6 creatures vanquished.

Vanquished Creatures (others)
  2 draconian scorchers (D)
  2 yaktaurs (D)
  2 plants (D)
6 creatures vanquished.

Grand Total: 12 creatures vanquished

Notes
Turn   | Place    | Note
--------------------------------------------------------------
     0 | D        | Kidiri the Deep Elf Necromancer began the quest for the Orb.
     0 | D        | Reached XP level 1. HP: 10/10 MP: 6/6
     2 | D        | Learned a level 1 spell: Animate Skeleton
     9 | D        | Reached skill level 5 in Necromancy
   237 | D        | Killed a yaktaur
   356 | D        | Noticed Jessica
   359 | D        | Killed Jessica
   359 | D        | Reached skill level 5 in Spellcasting
   359 | D        | Reached skill level 6 in Necromancy
   359 | D        | Reached XP level 2. HP: 12/15 MP: 5/10
   359 | D        | Reached XP level 3. HP: 15/19 MP: 5/11
   364 | D        | Learned a level 3 spell: Vampiric Draining
   368 | D        | Learned a level 3 spell: Regeneration
   374 | D        | Killed a white draconian scorcher
   493 | D        | Killed a white draconian scorcher
   497 | D        | Killed a yaktaur
   560 | D        | Noticed a wolf
   563 | D        | Killed a wolf
   563 | D        | Reached skill level 7 in Necromancy
   563 | D        | Reached XP level 4. HP: 18/24 MP: 5/14
   648 | D        | Gained mutation: You possess an exceptional clarity of mind. [potion of mutation]
   648 | D        | Gained mutation: You have a beak for a mouth. [potion of mutation]
   648 | D        | Gained mutation: You have sharp toenails. [potion of mutation]
   649 | D        | Gained mutation: You are robust (+10% HP). [potion of mutation]
   649 | D        | Lost mutation: You are robust (+10% HP). [potion of mutation]
   650 | D        | Gained mutation: You tend to lose your temper in combat. [potion of mutation]
   650 | D        | Gained mutation: You are agile. (Dex +2) [potion of mutation]
   650 | D        | Gained mutation: You are partially covered in slimy green scales (AC +2). [potion of mutation]
   660 | D        | Noticed a water elemental
   668 | D        | HP: 1/36 [water elemental (19)]
   670 | D        | Mangled by a water elemental

Vault maps used:
D:        dungeon_sprint_mu

Action                   |  1- 3 |  4- 6 || total
-------------------------+-------+-------++-------
Melee: Club              |     8 |     7 ||    15
 Cast: Pain              |    17 |       ||    17
       Animate Skeleton  |     1 |       ||     1
       Vampiric Draining |     3 |     1 ||     4
  Use: Potion            |     1 |     4 ||     5
       Scroll            |     1 |     3 ||     4
